Get step-by-step instructions on how to execute this build order below. Start the game timer, and the build order will tick by so you can play in parallel with StarCraft on a second screen or mobile device.

Game Time

  0:00

Last Step

  N/A

Next Step

  12  0:00  Drone  

Upcoming Step

  13  0:13  Overlord  

Don't want to look back and forth between 2 screens? Try out our Overwolf App, the Spawning Tool Build Advisor to get an in-game overlay with this build!

Complete Build Order

  12  0:00  Drone  
  13  0:13  Overlord  
  13  0:18  Drone  
  14  0:31  Drone x2  
  16  0:36  Drone  
  17  0:52  Hatchery  
  16  0:57  Extractor  
  15  1:07  Spawning Pool  
  14  1:11  Drone  
  14  1:15  Drone  
  17  1:18  Drone  
  17  1:23  Drone  
  18  1:34  Drone  
  19  1:44  Drone  
  20  1:54  Queen  
  22  2:06  Overlord  
  22  2:07  Zergling x2  
  25  2:10  Zergling x2  
  25  2:15  Metabolic Boost  
  26  2:19  Drone  
  27  2:24  Drone  
  27  2:29  Drone  
  27  2:37  Drone x2  
  27  2:39  Queen  
  31  2:47  Drone  
  31  2:49  Drone x2  
  34  3:03  Overlord  
  34  3:05  Hatchery, Drone  
  34  3:09  Drone  
  35  3:19  Drone  
  36  3:23  Queen  
  37  3:42  Extractor  
  37  3:43  Drone x2  
  38  3:53  Baneling Nest  
  33  3:58  Zergling x6  
  26  4:16  Zergling x6  
  26  4:17  Zergling x6  
  24  4:26  Drone  
  25  4:31  Drone x2  
  25  4:32  Drone  
  25  4:37  Drone  
  29  4:41  Drone x2  
  29  4:44  Drone  
  32  4:59  Drone  
  34  5:00  Drone x3  
  34  5:04  Drone  
  37  5:10  Drone  
  37  5:11  Drone  
  39  5:16  Drone  
  40  5:26  Roach Warren  
  39  5:29  Drone  
  39  5:30  Drone  
  39  5:35  Drone  
  42  5:37  Drone  
  43  5:43  Drone x2  
  43  5:47  Drone